 Dungeon Crawl Stone Soup version 0.25-a0-310-g60f0ac2d9a (webtiles) character file.

Game seed: 13175462724396563163, levelgen mode: classic

547 Borgoz the Cudgeler (level 7, 0/41 HPs)
             Began as a Gargoyle Berserker on Dec 24, 2019.
             Was a Believer of Trog.
             Killed by divine providence
             ... invoked by an orc priest
              (14 damage)
             ... on level 4 of the Dungeon.
             The game lasted 00:02:59 (2114 turns).

Borgoz the Cudgeler (Gargoyle Berserker)            Turns: 2114, Time: 00:03:00

Health: 0/41       AC: 10    Str: 21    XL:     7   Next: 28%
Magic:  7/7        EV: 12    Int:  7    God:    Trog [**....]
Gold:   175        SH:  0    Dex: 11    Spells: 6/6 levels left

rFire    . . .     SeeInvis .   u - +5 club
rCold    . . .     Gourm    .   (no shield)
rNeg     + . .     Faith    .   m - +0 ring mail
rPois    ∞         Spirit   .   (no helmet)
rElec    +         Reflect  .   (no cloak)
rCorr    .         Harm     .   (no gloves)
MR       .....                  (no boots)
Stlth    +.........             (no amulet)
HPRegen  0.13/turn              (no ring)
MPRegen  0.10/turn              (no ring)

@: berserk cooldown
A: negative energy resistance 1, electricity resistance, unbreathing,
petrification resistance, rot immunity, AC +4
a: Berserk, Trog's Hand, Renounce Religion


You were on level 4 of the Dungeon.
You worshipped Trog.
Trog was pleased with you.
You were not hungry.

You visited 1 branch of the dungeon, and saw 4 of its levels.

You collected 175 gold pieces.

Inventory:

Hand Weapons
 u - a +5 club (weapon)
Missiles
 t - 2 throwing nets (quivered)
Armour
 m - a +0 ring mail (worn)
Wands
 q - a wand of iceblast (5)
 r - a wand of disintegration (7)
Scrolls
 a - a scroll of identify {unknown}
 e - 5 scrolls of fog {unknown}
 i - 2 scrolls of enchant weapon {unknown}
 j - a scroll of random uselessness {unknown}
 n - a scroll of teleportation {unknown}
 s - a scroll of amnesia {unknown}
 v - a scroll of remove curse {unknown}
Potions
 d - 2 potions of might {unknown}
 g - 2 potions of mutation {unknown}
 h - a potion of haste {unknown}
 k - a potion of ambrosia {unknown}
 l - 5 potions of curing {unknown}
 o - a potion of berserk rage {unknown}
 p - a potion of lignification {unknown}
Comestibles
 b - 9 chunks of flesh
 c - 9 rations


   Skills:
 - Level 3.2 Fighting
 + Level 5.2 Maces & Flails
 + Level 5.1 Armour
 + Level 3.9 Dodging


You had 6 spell levels left.
You didn't know any spells.
Your spell library was empty.

Dungeon Overview and Level Annotations

Branches:
Dungeon (4/15)
 Temple: D:4-7

Altars:
Sif Muna


Innate Abilities, Weirdness & Mutations

You are resistant to torment.
Your stone body is resilient. (AC +4)
You are immune to poison.
You resist negative energy. (rN+)
You are resistant to electric shocks. (rElec)
You can survive without breathing.
You are immune to petrification.
You are immune to rotting.


Message History

You start resting.
Some of the chunks of flesh in your inventory have rotted away.
An orc comes into view.
An orc is nearby!
Unknown command.
You are too injured to fight recklessly!
You are too injured to fight recklessly!
The orc shouts!
An ogre comes into view. It is wielding a +0 giant club.
The ogre shouts!
You hear a shout!
There is a shaft here.
An orc priest comes into view. It is wielding a +0 flail.
The orc priest shouts!
The orc priest looks satisfied for a moment.
An orc comes into view. It is wielding a +0 flail.
You sock the orc!
The orc is almost dead.
The orc priest invokes the aid of Beogh against you.
Beogh smites you!
You die...

#.....# #.....#
#####.....#### .
#............#
..##..!.........#
................+
oo.O........?...#
#..o@^.).....#
#............#
#............# .....
#............#.......
#............#.......
########.#####......#
######..####......#
#.................#
#.................#


You could see an ogre, an orc priest and 2 orcs.

Vanquished Creatures
  A phantom (D:4)
  An ogre (D:4)
  A howler monkey (D:4)
  A crimson imp (D:4)
  4 orc wizards
  Ijyb (D:3)
  8 adders
  3 oozes
  3 dart slugs
  3 leopard geckos
  7 orcs
  A ball python (D:2)
  3 giant cockroaches
  9 goblins
  3 hobgoblins (D:3)
  3 jackals (D:4)
  2 quokkas (D:2)
  3 bats
  2 frilled lizards
  3 kobolds
  A leopard gecko skeleton (D:4)
  A quokka skeleton (D:4)
  7 rats
71 creatures vanquished.

Notes
Turn   | Place    | Note
-------+----------+-------------------------------------------
     0 | D:1      | Borgoz the Gargoyle Berserker began the quest for the Orb.
     0 | D:1      | Reached XP level 1. HP: 14/14 MP: 1/1
   133 | D:1      | Reached XP level 2. HP: 19/19 MP: 2/2
   704 | D:2      | Reached XP level 3. HP: 23/23 MP: 3/3
   928 | D:2      | Reached ** piety under Trog
  1010 | D:2      | Reached XP level 4. HP: 23/28 MP: 4/4
  1442 | D:3      | Noticed Ijyb
  1454 | D:3      | Killed Ijyb
  1454 | D:3      | Reached XP level 5. HP: 19/32 MP: 5/5
  1735 | D:3      | Found a shimmering blue altar of Sif Muna.
  1875 | D:4      | Reached XP level 6. HP: 28/37 MP: 6/6
  2016 | D:4      | Noticed a phantom
  2037 | D:4      | Killed a phantom
  2037 | D:4      | Reached skill level 5 in Maces & Flails
  2037 | D:4      | Reached XP level 7. HP: 31/41 MP: 7/7
  2076 | D:4      | Reached skill level 5 in Armour
  2114 | D:4      | Killed from afar by an orc priest

Levels and vault maps discovered:
D:1:      matt_arrival_spirals, layout_loops_ring
D:2:      layout_loops_cross
D:3:      layout_rooms, first_ration, kennysheep_path_1, led_sif_book, uniq_ijyb
D:4:      layout_basic

Skill      XL: |  1  2  3  4  5  6  7 |
---------------+----------------------+-----
Dodging        | 2 3 |  3.9
Armour         | 3 4 5 |  5.1
Maces & Flails | 4 5 |  5.2
Fighting       | |  3.2

Action                   |  1- 3 |  4- 6 |  7- 9 || total
-------------------------+-------+-------+-------++-------
Melee: Mace              |    77 |    71 |       ||   148
       Club              |       |    93 |     4 ||    97
Throw: Throwing net      |       |     1 |     1 ||     2
Invok: Trog's Hand       |       |     2 |       ||     2
       Berserk           |       |     2 |     1 ||     3
Evoke: Wand              |       |     2 |       ||     2
 Stab: Held in net/web   |       |     1 |       ||     1
  Eat: Chunk             |       |     5 |     2 ||     7
Armor: Animal skin       |     9 |       |       ||     9
       Ring mail         |    30 |   116 |       ||   146
Dodge: Dodged            |    45 |   172 |       ||   217

Table legend:
 A = Non-vault XP
 B = Vault XP
 C = Vault XP percentage of total XP
 D = Non-vault monster count
 E = Vault monster count
 F = Vault count percentage of total count
                 A         B        C        D         E       F
            +---------+---------+-------+---------+---------+-------
      Total |     668 |     114 |  14.6 |      67 |       3 |   4.3
            +---------+---------+-------+---------+---------+-------
        D:1 |      33 |       0 |   0.0 |      15 |       0 |   0.0
        D:2 |      70 |       0 |   0.0 |      20 |       0 |   0.0
        D:3 |      42 |     114 |  73.1 |      13 |       3 |  18.8
        D:4 |     523 |       0 |   0.0 |      19 |       0 |   0.0
            +---------+---------+-------+---------+---------+-------
